 Dungeon Crawl Stone Soup version 0.25-a0-577-ga4619f409e (webtiles) character file.

Game seed: 9010569036239005495, levelgen mode: deterministic

0 Gargoyl the Skirmisher (level 1, -3/19 HPs)
             Began as a Centaur Abyssal Knight on Mar 2, 2020.
             Was a Follower of Lugonu.
             Slain by a spiny frog (9 damage)
             ... summoned by a worldbinder
             ... on level 1 of the Abyss.
             The game lasted 00:00:32 (180 turns).

Gargoyl the Skirmisher (Centaur Abyssal Knight)      Turns: 180, Time: 00:00:32

Health: -3/19      AC:  4    Str: 14    XL:     1   Next: 0%
Magic:  2/2        EV:  9    Int: 11    God:    Lugonu [*.....]
Gold:   21         SH:  0    Dex:  8    Spells: 0/0 levels left

rFire    . . .     SeeInvis .   a - +1 hand axe
rCold    . . .     Gourm    .   (no shield)
rNeg     . . .     Faith    .   b - +0 leather armour
rPois    .         Spirit   .   (no helmet)
rElec    .         Reflect  .   (no cloak)
rCorr    .         Harm     .   (no gloves)
MR       .....                  (no barding)
Stlth    ..........             (no amulet)
HPRegen  0.00/turn              (no ring)
MPRegen  0.08/turn              (no ring)

@: non-regenerating, badly diseased, very quick
A: large, hooves 3, deformed body, speed 2, tough skin 3
a: Depart the Abyss, Renounce Religion


You were on level 1 of the Abyss.
You worshipped Lugonu.
Lugonu was aware of your devotion.
You were not hungry.

You visited 0 branches of the dungeon, and saw 0 of its levels.
You visited the Abyss 1 time.

You collected 21 gold pieces.

Inventory:

Hand Weapons
 a - a +1 hand axe (weapon)
Armour
 b - a +0 leather armour (worn)
Comestibles
 c - 3 rations


   Skills:
 + Level 3.0 Fighting
 + Level 1.7 Axes
 + Level 1.3 Armour
 + Level 0.6 Dodging
 + Level 2.0 Invocations


You couldn't memorise any spells.
You didn't know any spells.
Your spell library was empty.

Dungeon Overview and Level Annotations

Branches:
Dungeon (0/15)

Altars:


Innate Abilities, Weirdness & Mutations

You have hooves in place of feet.
Armour fits poorly on your strangely shaped body.
You cover ground very quickly.
You have extremely tough skin. (AC +3)


Message History

d - a scroll labeled WUSTU PIKHLORPH
As you read the scroll labeled WUSTU PIKHLORPH, it crumbles to dust.
The scroll dissolves into smoke.
It was a scroll of fog.
You feel ill.
The ancient zyme is too close now for your liking.
An ancient zyme is nearby!
The iron imp shouts!
The worldbinder calls forth creatures from the Lair of Beasts!
The worldbinder calls forth creatures from the Lair of Beasts!
The blink frog blinks!
The blink frog disappears in a puff of smoke!
The blink frog blinks!
The blink frog hits you. The blink frog hits you!
The blink frog blinks!
The worldbinder calls forth creatures from the Lair of Beasts!
Unknown command.
You hit the spiny frog.
The spiny frog is lightly wounded.
The spiny frog stings you!
You die...

##
..#..§§§§§.§.
..
#.####....##§§.
#....
#....x.##. . #
#... ###...#.
.#.. .# ...
#.#.F..##
.#.#.... .. #
..### ## #.....
. ####F.# ... .
##FF# #@#.#
#####


You could see a spiny frog and 2 blink frogs.

Vanquished Creatures (others)
  2 starspawn tentacles (Abyss:1)
2 creatures vanquished.

Notes
Turn   | Place    | Note
-------+----------+-------------------------------------------
     0 | Abyss:1  | Gargoyl the Centaur Abyssal Knight began the quest for the
                  | Orb.
     0 | Abyss:1  | Reached XP level 1. HP: 19/19 MP: 2/2
    55 | Abyss:1  | Noticed a small abomination
    64 | Abyss:1  | Noticed a tentacled starspawn
    74 | Abyss:1  | Noticed a small abomination
   109 | Abyss:1  | Noticed an ancient zyme
   163 | Abyss:1  | Noticed a worldbinder
   163 | Abyss:1  | Noticed an iron imp
   166 | Abyss:1  | Noticed a blink frog
   169 | Abyss:1  | Noticed a blink frog
   169 | Abyss:1  | Noticed a blink frog
   169 | Abyss:1  | Noticed a blink frog
   180 | Abyss:1  | Noticed a spiny frog
   180 | Abyss:1  | Noticed a blink frog
   180 | Abyss:1  | Slain by a spiny frog

Levels and vault maps discovered:
Abyss:1:  gammafunk_corrupted_shrine

Action                   || total
-------------------------++-------
Melee: Hand axe          ||     2
       Kick              ||     1
  Use: Scroll            ||     2
Dodge: Dodged            ||     2

Table legend:
 A = Non-vault XP
 B = Vault XP
 C = Vault XP percentage of total XP
 D = Non-vault monster count
 E = Vault monster count
 F = Vault count percentage of total count
                 A         B        C        D         E       F
            +---------+---------+-------+---------+---------+-------
      Total |       0 |       0 |   N/A |       0 |       0 |  -nan
            +---------+---------+-------+---------+---------+-------
            +---------+---------+-------+---------+---------+-------
